 Dungeon Crawl Stone Soup version 0.29-a0-834-g1e95ca9f62 (webtiles) character file.

Game seed: 6404173814347441169

23 valliere the Sneak (level 2, 0/13 HPs)
             Began as a Spriggan Enchanter on July 12, 2022.
             Slain by a jackal (2 damage)
             ... on level 1 of the Dungeon.
             The game lasted 00:03:18 (1183 turns).

valliere the Sneak (Spriggan Enchanter)             Turns: 1183, Time: 00:03:19

Health: 0/13       AC:  2    Str:  4    XL:     2   Next: 72%
Magic:  2/7        EV: 17    Int: 16    God:
Gold:   8          SH:  0    Dex: 15    Spells: 5/7 levels left

rFire   . . .      SeeInvis +   a - +1 dagger
rCold   . . .      Faith    .   (no shield)
rNeg    . . .      Spirit   .   b - +0 robe
rPois   .          Reflect  .   (helmet restricted)
rElec   .          Harm     .   (no cloak)
rCorr   .          Rampage  .   (gloves unavailable)
Will    .....                   (boots unavailable)
Stlth   +++.......              (no amulet)
HPRegen 0.04/turn               (no ring)
MPRegen 0.10/turn               (no ring)

@: very slightly contaminated, very quick
A: very small, no large weapons, unfitting armour, see invisible, speed 3
a: no special abilities


You were on level 1 of the Dungeon.
You visited 1 branch of the dungeon, and saw 1 of its levels.

You collected 8 gold pieces.

Inventory:

Hand Weapons
 a - a +1 dagger (weapon)
Armour
 b - a +0 robe (worn)
Scrolls
 e - a scroll of immolation {unknown}
 f - a scroll of teleportation {unknown}
Potions
 c - 2 potions of invisibility
 d - a potion of haste {unknown}
 g - a potion of might {unknown}


   Skills:
 + Level 1.4 Short Blades
 + Level 2.9 Dodging
 * Level 5.0 Stealth
 + Level 3.0 Spellcasting
 * Level 4.0 Hexes


You had 5 spell levels left.
You knew the following spells:

 Your Spells              Type           Power      Damage    Failure   Level
a - Ensorcelled Hibernat  Hex/Ice        16%        N/A       12%         2

Your spell library contained the following spells:

 Spells                   Type           Power      Damage    Failure   Level
 Confusing Touch          Hex            15%        N/A       11%         3
 Tukima's Dance           Hex            15%        N/A       11%         3
 Dazzling Flash           Conj/Hex       16%        N/A       24%         3


Dungeon Overview and Level Annotations

Branches:
Dungeon (1/15)

Altars:


Innate Abilities, Weirdness & Mutations

You are very small and have problems with some larger weapons.
You are too small for most types of armour.
You have supernaturally acute eyesight. (SInv)
You cover ground extremely quickly. (Speed+++)


Message History

Confirm with . or Enter, or press ? or * to list all spells.
Aiming: Ensorcelled Hibernation (safe; 12% risk of failure)
Press: ? - help, Shift-Dir - straight line, f - jackal
Aim: a jackal (chance to affect: 59%)
The jackal looks drowsy...
The jackal bites you. The jackal barely misses you.
The helpless jackal fails to defend itself.
You impale the jackal!!
You kill the jackal!
The jackal bites you. x2
Casting: Ensorcelled Hibernation (safe; 12% risk of failure)
Confirm with . or Enter, or press ? or * to list all spells.
Aiming: Ensorcelled Hibernation (safe; 12% risk of failure)
Press: ? - help, Shift-Dir - straight line, f - jackal
Aim: a jackal (chance to affect: 59%)
You miscast Ensorcelled Hibernation.
You are very lightly contaminated with residual magic.
Nothing appears to happen.
The ball python closely misses you. The ball python grabs you.
The ball python constricts you. The jackal bites you.
* * * LOW HITPOINT WARNING * * *
The jackal bites you.
* * * LOW HITPOINT WARNING * * *
The ball python closely misses you. The ball python constricts you.
Okay, then.
You escape the ball python's grasp.
Your magical contamination has completely faded away.
Casting: Ensorcelled Hibernation (safe; 12% risk of failure)
Confirm with . or Enter, or press ? or * to list all spells.
You don't know that spell.
Casting: Ensorcelled Hibernation (safe; 12% risk of failure)
Confirm with . or Enter, or press ? or * to list all spells.
Aiming: Ensorcelled Hibernation (safe; 12% risk of failure)
Press: ? - help, Shift-Dir - straight line, f - jackal
Aim: a jackal (chance to affect: 59%)
You miscast Ensorcelled Hibernation.
You are very lightly contaminated with residual magic.
Nothing appears to happen.
The jackal closely misses you. The jackal barely misses you.
The jackal bites you.
You die...

#.# #.# ##### ######
#.#######...###....#
#.##........##.....#
##.#..........#.....#
+.............>.....#
#.#............)....
#h#h...[..#####.....
#..@......+...w.....
######....###..S.... #..
+....+..h......
#.####....###...#### ##+
#..(##...h.##...#### # ..
#...##.............. .......
#.††................ ...
.........#.....##............
..
.#......#.#.....##............


You could see 2 jackals.

Vanquished Creatures
  3 dart slugs (D:1)
  3 ball pythons (D:1)
  2 giant cockroaches (D:1)
  A goblin (D:1)
  A jackal (D:1)
  A kobold (D:1)
  2 quokkas (D:1)
  A bat (D:1)
  2 frilled lizards (D:1)
16 creatures vanquished.

Notes
Turn   | Place    | Note
-------+----------+-------------------------------------------
     0 | D:1      | valliere the Spriggan Enchanter began the quest for the
                  | Orb.
     0 | D:1      | Reached XP level 1. HP: 9/9 MP: 5/5
   131 | D:1      | Reached XP level 2. HP: 13/13 MP: 6/6
   941 | D:1      | Learned a level 2 spell: Ensorcelled Hibernation
  1151 | D:1      | Reached skill level 5 in Stealth
  1183 | D:1      | Slain by a jackal

Illustrated notes

Levels and vault maps discovered:
D:1:      mrwooster_arrival_arrow, layout_basic, grunt_decor_one_mirror

Skill      XL: |  1  2 |
---------------+-------+-----
Spellcasting   | 3 |  3.0
Hexes          | 4 |  4.0
Stealth        | 5 |  5.0
Short Blades   | |  1.4
Dodging        | |  2.9

Action                   || total
-------------------------++-------
Melee: Dagger            ||    80
 Cast: Ensorcelled Hiber ||     1
 Stab: Sleeping          ||     5
Armor: Robe              ||     9
Dodge: Dodged            ||    65

Table legend: (Time is in decaauts)
 A = Elapsed time spent in this place.
 B = Non-inter-level travel time spent in this place.
 C = Inter-level travel time spent in this place.
 D = Time resting spent in this place.
 E = Time spent auto-exploring this place.
 F = Levels seen in this place.
 G = Mean time per level.
                   A        B        C        D        E       F      G
               +--------+--------+--------+--------+--------+-----+--------+
         Total |   1089 |   1089 |      0 |    259 |    630 |   1 | 1089.0 |
       Dungeon |   1089 |   1089 |      0 |    259 |    630 |   1 | 1089.0 |
               +--------+--------+--------+--------+--------+-----+--------+

Top non-repeatable levels by time:
     D:1: 1089 daAuts
